 Dungeon Crawl Stone Soup version 0.21-a0-509-gecc5317 (webtiles) character file.

95 tof the Poker (level 4, -6/40 HPs)
             Began as a Minotaur Monk on Nov 29, 2017.
             Killed by divine providence
             ... invoked by an orc priest
              (12 damage)
             ... on level 3 of the Dungeon.
             The game lasted 00:02:23 (1965 turns).

tof the Poker (Minotaur Monk)                       Turns: 1965, Time: 00:02:24

Health: -6/40      AC:  8    Str: 16    XL:     4   Next: 39%
Magic:  3/3        EV:  8    Int:  7    God:
Gold:   36         SH:  0    Dex: 13    Spells: 3/3 levels left

rFire    x . .     SeeInvis .   a - +0 spear
rCold    + . .     Gourm    .   (no shield)
rNeg     . . .     Faith    .   g - +0 chain mail
rPois    .         Spirit   .   (helmet restricted)
rElec    .         Reflect  .   (no cloak)
rCorr    .         Harm     .   (no gloves)
MR       .....                  (no boots)
Stlth    ..........             (no amulet)
HPRegen  0.13/turn              b - ring of ice
MPRegen  0.08/turn              (no ring)

@: no status effects
A: retaliatory headbutt, horns 2
a: no special abilities


You were on level 3 of the Dungeon.
You were not hungry.

You visited 1 branch of the dungeon, and saw 3 of its levels.

You collected 36 gold pieces.

Inventory:

Hand Weapons
 a - a +0 spear (weapon)
Missiles
 t - 4 javelins (quivered)
Armour
 g - a +0 chain mail (worn)
Jewellery
 b - a ring of ice (left hand)
 q - a +6 ring of dexterity {unknown}
Scrolls
 d - 3 scrolls of enchant weapon {unknown}
 h - a scroll of fog {unknown}
 i - 2 scrolls of remove curse {unknown}
 j - a scroll of identify {unknown}
 m - 3 scrolls of magic mapping {unknown}
 n - a scroll of noise {unknown}
 r - a scroll of amnesia {unknown}
Potions
 e - a potion of lignification {unknown}
 f - a potion of might {unknown}
 k - 4 potions of curing {unknown}
 l - a potion of flight {unknown}
 o - a potion of cancellation {unknown}
Comestibles
 c - a bread ration
 p - a royal jelly
 s - a meat ration
 u - 3 chunks of flesh


   Skills:
 + Level 4.3 Fighting
 * Level 4.9 Polearms
 + Level 1.9 Armour
 + Level 3.9 Dodging
 - Level 1.5 Stealth


You had 3 spell levels left.
You didn't know any spells.

Dungeon Overview and Level Annotations

Branches:
Dungeon (3/15)

Altars:
Ashenzari
Makhleb
Uskayaw

Annotations:
D:3 kae's ghost, amateur TrMo


Innate Abilities, Weirdness & Mutations

You reflexively headbutt those who attack you in melee.
You have a pair of horns on your head.


Message History

The orc is moderately wounded.
The orc hits you but does no damage. The orc barely misses you.
You barely miss the orc.
The orc is moderately wounded.
The orc priest mumbles some strange prayers to Beogh against you.
Beogh smites you!
* * * LOW HITPOINT WARNING * * *
The orc closely misses you. The orc hits you but does no damage.
You hit the orc.
The orc is almost dead.
The orc hits you but does no damage.
The orc barely misses you. 2 hobgoblins come into view.
The hobgoblin shouts!
The orc hits you but does no damage.
You see here a chain mail.
Things that are here:
a club; 13 sling bullets The orc priest invokes the aid of Beogh against you.
Beogh smites you!
You die...

#...#.............
......g.o..###.##.## #.
.....[............. ...
........o####..##.##.#
.......g.#............
#................... #.#
...........o...##.###.....
#...###..#.###....<......#
...........goo.o@.########
##.........########
###########


You could see 2 orc priests, 2 orcs and a hobgoblin.

Vanquished Creatures
  A hound (D:2)
  2 adders
  An ooze (D:1)
  A worm (D:2)
  A dart slug (D:1)
  An orc (D:3)
  2 giant cockroaches
  5 goblins
  2 hobgoblins
  6 jackals
  2 kobolds (D:1)
  A quokka (D:2)
  A ball python (D:2)
  3 bats
  2 frilled lizards (D:1)
  8 rats
39 creatures vanquished.

Notes
Turn   | Place    | Note
-------+----------+-------------------------------------------
     0 | D:1      | tof the Minotaur Monk began the quest for the Orb.
     0 | D:1      | Reached XP level 1. HP: 19/19 MP: 0/0
   136 | D:1      | Reached XP level 2. HP: 22/27 MP: 1/1
   399 | D:1      | Reached skill level 1 in Armour
   767 | D:2      | Reached XP level 3. HP: 33/33 MP: 2/2
   776 | D:2      | Found a shattered altar of Ashenzari.
   959 | D:2      | Found a hide-covered altar of Uskayaw.
  1325 | D:2      | Found a burning altar of Makhleb.
  1331 | D:2      | Reached XP level 4. HP: 36/40 MP: 3/3
  1610 | D:3      | Noticed kae's ghost (amateur TrMo)
  1937 | D:3      | HP: 2/40 [orc priest/divine providence (13)]
  1965 | D:3      | Killed from afar by an orc priest

Vault maps used:
D:1:      dpeg_arrival_court
D:2:      lemuel_crystal_altar, makhleb_heckhound_becter, ashenzari_altar_1,
          minmay_misc_feat_nine_boxes
D:3:      cheibrodos_pilgrimage, chequers_temple_overflow_statue_of_worship,
          first_bread, kennysheep_generic_room_13, uniq_grinder

Skill      XL: |  1  2 |
---------------+-------+-----
Polearms       | 4 |  4.9
Armour         | 1 |  1.9
Fighting       | 4 |  4.3
Dodging        | |  3.9
Stealth        | |  1.5

Action                   |  1- 3 |  4- 6 || total
-------------------------+-------+-------++-------
Melee: Spear             |    75 |    44 ||   119
       Headbutt          |    10 |     8 ||    18
  Eat: Chunk             |     1 |     2 ||     3
Armor: Robe              |     7 |       ||     7
       Chain mail        |    29 |    28 ||    57
Dodge: Dodged            |    40 |    17 ||    57

Table legend:
 A = Spawn XP
 B = Non-spawn XP
 C = Spawn XP percentage of total XP
 D = Spawn monster count
 E = Non-spawn monster count
 F = Spawn count percentage of total count
 G = Total turns spent on level
                    A         B        C        D         E        F      G
               +---------+---------+-------+---------+---------+-------+---------
         Total |       0 |     136 |   0.0 |       0 |      39 |   0.0 |  1965
               +---------+---------+-------+---------+---------+-------+---------
           D:1 |       0 |      30 |   0.0 |       0 |      15 |   0.0 |   756
           D:2 |       0 |      82 |   0.0 |       0 |      17 |   0.0 |   954
           D:3 |       0 |      24 |   0.0 |       0 |       7 |   0.0 |   255
               +---------+---------+-------+---------+---------+-------+---------
